 Dungeon Crawl Stone Soup version 0.26-a0-639-g72c4674329 (webtiles) character file.

Game seed: 7408262888408022571

166580 Borgoz the Bludgeoner (level 17, -3/112 HPs)
             Began as a Gargoyle Berserker on Sept 19, 2020.
             Was the Champion of Trog.
             Killed by the air
             ... invoked by a wind drake
              (25 damage)
             ... on level 4 of the Shoals.
             The game lasted 01:14:11 (34677 turns).

Borgoz the Bludgeoner (Gargoyle Berserker)         Turns: 34677, Time: 01:14:11

Health: -3/112     AC: 45    Str: 33    XL:     17   Next: 90%
Magic:  5/5        EV: 17    Int: 10    God:    Trog [******]
Gold:   523        SH: 12    Dex: 14    Spells: 16/16 levels left

rFire    + . .     SeeInvis .   P - +1 mace of Blood-Lust {antimagic, Str+6}
rCold    + . .     Faith    .   r - +2 buckler {rC+ rF+}
rNeg     + + .     Spirit   .   g - +10 plate armour of Curiosity {rN+}
rPois    ∞         Reflect  +   C - +0 helmet
rElec    +         Harm     .   K - scarf {repulsion}
rCorr    .         Rampage  .   G - +1 pair of gloves
MR       ++++.                  A - +0 pair of boots
Stlth    ..........             e - amulet of reflection
HPRegen  1.28/turn              O - +6 ring of strength
MPRegen  0.09/turn              j - ring of protection from magic

@: berserk cooldown, flying, regenerating (expiring), slowed, repel missiles,
very slow
A: big wings, negative energy resistance 1, electricity resistance, unbreathing,
petrification resistance, rot immunity, AC +12
a: Stop Flying, Berserk, Trog's Hand, Brothers in Arms, Renounce Religion


You were on level 4 of the Shoals.
You worshipped Trog.
Trog was exalted by your worship.
You visited 5 branches of the dungeon, and saw 28 of its levels.
You also visited: Bailey, Gauntlet, Ice Cave and Volcano.

You collected 3371 gold pieces.
You spent 2848 gold pieces at shops.

Inventory:

Hand Weapons
 a - a +9 vorpal eveningstar
 P - the +1 mace of Blood-Lust (weapon) {antimagic, Str+6}
   (Trog gifted it to you on level 4 of the Shoals)

   It reduces the magical energy of the wielder, and disrupts the spells and
   magical abilities of those hit.
   Natural abilities and divine invocations are not affected.
   It affects your strength (+6).
Missiles
 F - 5 throwing nets (quivered)
Armour
 g - the +10 plate armour of Curiosity (worn) {rN+}
   (You found it on level 14 of the Dungeon)

   It protects you from negative energy.
 r - a +2 buckler of resistance (worn)
 t - +0 gold dragon scales
 A - a +0 pair of boots (worn)
 C - a +0 helmet (worn)
 G - a +1 pair of gloves (worn)
 K - a scarf of repulsion (worn)
Jewellery
 e - an amulet of reflection (around neck)
 j - a ring of protection from magic (right hand)
 v - an uncursed ring of protection from cold
 w - an uncursed ring of positive energy
 O - a +6 ring of strength (left hand)
Wands
 c - a wand of acid (58)
 n - a wand of flame (31)
 q - a wand of enslavement (6)
 u - a wand of paralysis (3)
 x - a wand of disintegration (31)
 D - a wand of iceblast (2)
 J - a wand of digging (4)
 L - a wand of polymorph (17)
Scrolls
 b - a scroll of fog
 f - 4 scrolls of blinking
 h - 25 scrolls of teleportation
 l - a scroll of summoning
 m - 5 scrolls of remove curse
 o - 3 scrolls of fear
 s - a scroll of silence
 y - 11 scrolls of identify
 E - 2 scrolls of enchant weapon
 M - 2 scrolls of magic mapping
 N - a scroll of holy word
Potions
 d - 3 potions of cancellation
 i - a potion of ambrosia
 k - 5 potions of curing
 p - 6 potions of stabbing
 z - 4 potions of haste
 B - 4 potions of berserk rage
 H - a potion of mutation
 I - 3 potions of resistance


   Skills:
 + Level 14.4 Fighting
 + Level 16.9 Maces & Flails
 + Level 14.2 Armour
 + Level 14.5 Dodging
 - Level 5.0 Stealth
 - Level 5.0 Shields
 - Level 5.0 Evocations


You had 16 spell levels left.
You didn't know any spells.
Your spell library was empty.

Dungeon Overview and Level Annotations

Branches:
Dungeon (15/15)            Temple (1/1) D:7            Lair (6/6) D:8
 Shoals (4/4) Lair:3        Snake (0/4) Lair:3        Slime (0/5) Lair:6
    Orc (2/2) D:9             Elf (0/3) Orc:2        Vaults (0/5) D:14
 Depths (0/5) D:15         Bailey (visited)           IceCv (visited)
Volcano (visited)         Gauntlet (visited)

Altars:
Ashenzari
Cheibriados
Dithmenos
Elyvilon
Fedhas
Gozag
Hepliaklqana
Kikubaaqudgha
Makhleb
Nemelex Xobeh
Okawaru
Qazlal
Ru
Sif Muna
Trog
Uskayaw
Vehumet
Wu Jian
Xom
Yredelemnul
Zin
The Shining One
Beogh

Shops:
D:5 *   Orc:2 *[?:   Shoals:1 ?


Innate Abilities, Weirdness & Mutations

You are resistant to torment.
Your stone body is resilient. (AC +12)
You are immune to poison.
Your large and strong wings let you fly indefinitely.
You resist negative energy. (rN+)
You are resistant to electric shocks. (rElec)
You can survive without breathing.
You are immune to petrification.
You are immune to rotting.


Message History

The water nymph casts a spell at you. The water rises up and strikes you.
The wind drake flaps its wings at you.
The air twists around and violently strikes you in flight.
You feel the effects of Trog's Hand fading.
You block the wind drake's attack.
You feel better. The wind drake flaps its wings at you.
The air twists around and violently strikes you in flight.
The water nymph touches you.
The wind drake exhales a fierce blast of wind!
You are blown backwards!
The water nymph is blown away by the wind.
You block the wind drake's attack. The water nymph touches you.
The wind drake misses you. The water nymph touches you.
You barely miss the wind drake.
The wind drake is almost dead.
The wind drake flaps its wings at you.
The air twists around and violently strikes you in flight!!
You die...

#≈≈≈≈≈≈≈≈
#≈≈≈≈≈≈≈≈≈ ≈
#≈≈≈≈≈≈≈≈≈≈≈≈≈≈≈≈≈≈
#≈≈≈≈≈≈≈≈≈≈≈≈≈≈≈≈≈≈
#≈≈≈≈≈≈≈≈≈≈≈≈≈≈≈≈≈≈
#≈≈≈≈≈≈≈≈≈≈≈≈≈≈≈≈≈≈
#≈≈≈≈≈≈≈≈≈≈≈≈≈≈≈≈≈≈
#≈≈≈≈≈≈≈≈≈≈≈≈≈≈≈≈≈≈
#≈@≈≈≈≈≈≈≈≈≈≈≈≈≈≈≈≈
#m≈k≈≈≈≈≈≈≈≈≈≈≈≈≈≈≈
#≈≈≈≈≈≈≈≈≈≈≈≈≈≈≈≈≈≈
#≈≈≈≈≈≈≈≈≈≈≈≈≈≈≈≈≈.
#≈≈≈≈≈≈≈≈≈≈≈≈≈≈≈≈..
#≈≈≈≈≈≈≈≈≈≈≈≈≈≈≈≈..
#≈≈≈≈≈≈≈≈.##≈#≈##..
#≈≈≈≈≈≈≈..#######..
#≈≈≈≈≈≈≈≈#†≈≈≈≈≈##≈


You could see a wind drake (repels missiles) and a water nymph.

Vanquished Creatures
  Jorgrun (Shoals:1)
  A frost giant (IceCv)
  An entropy weaver (Gauntlet)
  The ghost of Orgheunu the Protected, a journeyman DDFi of Makhleb (Lair:4)
  A red draconian (Volcano)
  A minotaur (Gauntlet)
  A death ooze (Gauntlet)
  9 merfolk impalers
  3 merfolk javelineers
  A great orb of eyes (D:15)
  3 hydras
  2 alligator snapping turtles
  2 catoblepae
  6 merfolk aquamancers
  An alligator (Lair:6)
  3 tengu warriors
  12 death yaks
  3 centaur warriors
  4 merfolk avatars
  7 two-headed ogres
  3 orc high priests (Orc:2)
  5 skeletal warriors (D:11)
  2 unseen horrors
  12 sea snakes
  An obsidian statue (Volcano)
  13 harpies
  Pikel (D:7)
  6 orc knights
  2 wolf spiders
  A deep elf mage (D:12)
  5 oklob plants
  7 cyclopes
  4 orc sorcerers (Orc:2)
  4 ugly things (D:15)
  8 fauns
  9 manticores
  12 merfolk sirens
  6 elephants
  8 black mambas
  6 water nymphs
  An ice statue (IceCv)
  Joseph (D:7)
  2 gargoyles (D:14)
  A naga mage (D:15)
  An eye of devastation (shapeshifter) (D:15)
  3 kobold demonologists
  9 cane toads
  4 rime drakes
  9 komodo dragons
  2 ice devils (D:15)
  A harpy zombie (D:15)
  A yaktaur (Volcano)
  2 jumping spiders (Gauntlet)
  A jumping spider (shapeshifter) (D:14)
  28 merfolk
  3 hornets
  2 wind drakes
  25 polar bears
  A wolf spider simulacrum (D:15)
  13 trolls
  2 raiju (Lair:6)
  Prince Ribbit (D:5)
  12 snapping turtles
  12 blink frogs (Lair:6)
  3 slime creatures (D:13)
  16 dream sheep
  10 hippogriffs
  2 centaur simulacra (D:15)
  A vampire (D:9)
  A wyvern (Lair:5)
  18 water elementals
  6 shadows
  48 yaks
  3 basilisks
  7 fire bats (Volcano)
  4 humans (D:14)
  2 vampire mosquitoes (D:13)
  Menkaure (D:6)
  10 wargs
  2 acid dragons
  Duvessa (D:5)
  A floating eye (Lair:1)
  10 water moccasins
  A meliai simulacrum (D:15)
  36 orc warriors
  6 porcupines
  3 sky beasts
  13 hell hounds (Lair:6)
  A necrophage (D:13)
  7 ice beasts
  2 phantoms
  2 eyes of draining
  11 black bears (Lair:6)
  13 ogres
  42 wolves
  10 centaurs
  3 boggarts (D:15)
  9 crocodiles
  4 lemures (D:7)
  5 big kobolds (D:13)
  10 bullfrogs
  Dowan (D:5)
  A hornet simulacrum (D:15)
  3 scorpions
  2 water moccasin skeletons
  3 wyvern skeletons
  8 wights
  4 howler monkeys
  2 vampire bats (D:2)
  6 electric eels
  4 lava snakes (Volcano)
  8 bullfrog zombies
  2 jellies
  A wyvern simulacrum (D:14)
  20 orc wizards
  20 orc priests
  5 centaur zombies
  6 hounds
  6 centaur skeletons
  3 bullfrog skeletons
  7 iguanas
  11 worker ants
  3 hound zombies
  2 hound skeletons
  A howler monkey zombie (D:5)
  8 gnolls
  22 adders
  A shadow imp (D:9)
  8 white imps
  3 ufetubi
  An adder zombie (D:7)
  An adder skeleton (D:6)
  3 worms
  13 leopard geckos
  95 orcs
  4 bat skeletons (D:2)
  A bat zombie (D:2)
  5 giant cockroaches
  12 goblins
  5 hobgoblins
  4 quokkas
  A ball python (Lair:3)
  10 bats
  A frilled lizard (D:3)
  8 kobolds
  4 rats
978 creatures vanquished.

Vanquished Creatures (collateral kills)
  A vault guard (D:14)
  3 death yaks (D:8)
  6 humans (D:14)
10 creatures vanquished.

Vanquished Creatures (others)
  A human (D:14)
  A boggart (D:15)
  21 fungi
  81 plants
104 creatures vanquished.

Grand Total: 1092 creatures vanquished

Notes
Turn   | Place    | Note
-------+----------+-------------------------------------------
     0 | D:1      | Borgoz the Gargoyle Berserker began the quest for the Orb.
     0 | D:1      | Reached XP level 1. HP: 14/14 MP: 1/1
   297 | D:1      | Reached XP level 2. HP: 14/19 MP: 2/2
  1073 | D:1      | You fall into a shaft and drop 1 floor!
  1150 | D:2      | Reached XP level 3. HP: 23/23 MP: 3/3
  1565 | D:2      | Reached ** piety under Trog
  1658 | D:2      | Reached XP level 4. HP: 28/29 MP: 4/4
  2084 | D:2      | Found an ancient bone altar of Kikubaaqudgha.
  2105 | D:2      | Reached XP level 5. HP: 20/33 MP: 5/5
  2290 | D:2      | You fall into a shaft and drop 1 floor!
  2312 | D:3      | Reached skill level 4 in Maces & Flails
  2633 | D:3      | Reached XP level 6. HP: 39/39 MP: 6/6
  3473 | D:4      | Noticed a phantom
  4337 | D:4      | Killed a phantom
  4337 | D:4      | Reached *** piety under Trog
  4337 | D:4      | Reached skill level 5 in Fighting
  4337 | D:4      | Reached XP level 7. HP: 38/44 MP: 7/7
  4455 | D:5      | Entered Level 5 of the Dungeon
  4481 | D:5      | Noticed Prince Ribbit
  4631 | D:5      | Killed Prince Ribbit
  4631 | D:5      | Reached skill level 5 in Maces & Flails
  4631 | D:5      | Reached skill level 5 in Armour
  4777 | D:5      | Found Ziuk's Assorted Antiques.
  4789 | D:5      | Bought a glowing onyx ring for 85 gold pieces
  4789 | D:5      | Bought a scroll labeled RAVVIA OFEOSISH for 17 gold pieces
  4789 | D:5      | Bought a scroll labeled QAZEGAM CAICW for 17 gold pieces
  4789 | D:5      | Bought a scroll labeled WUESO NAODAIGE for 17 gold pieces
  4790 | D:5      | Acquired a +2 buckler of resistance
  4902 | D:5      | Reached XP level 8. HP: 51/51 MP: 8/8
  4904 | D:5      | Noticed Duvessa
  4912 | D:5      | Noticed Dowan
  4919 | D:5      | Killed Duvessa
  4924 | D:5      | Killed Dowan
  5017 | D:5      | Reached skill level 1 in Shields
  5163 | D:5      | Found a faded altar of an unknown god.
  5163 | D:5      | Found a faded altar of an unknown god.
  5169 | D:5      | Found a shattered altar of Ashenzari.
  5171 | D:5      | Found a glowing golden altar of the Shining One.
  5172 | D:5      | Found a blossoming altar of Fedhas.
  5445 | D:7      | Reached skill level 1 in Stealth
  5489 | D:6      | Reached skill level 6 in Maces & Flails
  5489 | D:6      | Reached skill level 1 in Evocations
  5898 | D:6      | Reached XP level 9. HP: 35/56 MP: 9/9
  6114 | D:6      | Reached skill level 5 in Dodging
  6344 | D:6      | Noticed Menkaure
  6352 | D:6      | Killed Menkaure
  6507 | D:7      | Found a staircase to the Ecumenical Temple.
  6507 | D:7      | Noticed Joseph
  6513 | Temple   | Entered the Ecumenical Temple
  6994 | D:7      | Killed Joseph
  7321 | D:7      | Noticed Pikel
  7336 | D:7      | Reached skill level 7 in Maces & Flails
  7359 | D:7      | Killed Pikel
  7474 | D:7      | Reached **** piety under Trog
  7777 | D:7      | Reached XP level 10. HP: 63/63 MP: 10/10
  8190 | D:8      | Noticed a death yak
  8191 | D:8      | Noticed a death yak
  8191 | D:8      | Noticed a death yak
  8191 | D:8      | Noticed a death yak
  8192 | D:8      | Noticed a death yak
  8192 | D:8      | Noticed a death yak
  8192 | D:8      | Noticed a death yak
  8225 | D:9      | Found a staircase to the Orcish Mines.
  8931 | D:9      | Reached skill level 8 in Maces & Flails
  9093 | D:9      | Reached ***** piety under Trog
  9134 | D:9      | Noticed a two-headed ogre
  9145 | D:9      | Killed a two-headed ogre
  9145 | D:9      | Reached skill level 5 in Stealth
  9489 | D:9      | Reached XP level 11. HP: 61/68 MP: 7/11
  9595 | D:9      | Reached skill level 5 in Shields
  9722 | D:10     | Entered Level 10 of the Dungeon
 10672 | D:11     | Noticed a manticore
 10689 | D:11     | Killed a manticore
 10689 | D:11     | Reached skill level 9 in Maces & Flails
 10828 | D:11     | Received a gift from Trog
 10988 | D:11     | Noticed a two-headed ogre
 10996 | D:11     | Killed a two-headed ogre
 11160 | D:11     | Noticed a skeletal warrior
 11163 | D:11     | Noticed a skeletal warrior
 11163 | D:11     | Noticed a skeletal warrior
 11164 | D:11     | Noticed a skeletal warrior
 11164 | D:11     | Noticed a skeletal warrior
 11189 | D:11     | Killed a skeletal warrior
 11510 | D:12     | Reached skill level 5 in Evocations
 11982 | D:12     | Reached skill level 10 in Maces & Flails
 11982 | D:12     | Reached XP level 12. HP: 51/75 MP: 12/12
 12057 | D:13     | Noticed a two-headed ogre
 12077 | D:13     | Killed a two-headed ogre
 12176 | D:13     | Found a flagged portal.
 12204 | Bailey   | Entered a bailey
 13415 | D:13     | Reached skill level 11 in Maces & Flails
 13739 | D:14     | Noticed a tengu warrior
 13754 | D:14     | Killed a tengu warrior
 13897 | D:14     | Noticed a centaur warrior
 13903 | D:14     | Killed a centaur warrior
 14071 | D:12     | Reached XP level 13. HP: 48/82 MP: 13/13
 14531 | D:12     | Got a faintly glowing hand axe
 14857 | D:11     | Reached skill level 10 in Fighting
 15157 | D:8      | Reached skill level 10 in Dodging
 15170 | D:8      | Reached skill level 10 in Armour
 15173 | D:8      | Reached skill level 12 in Maces & Flails
 15447 | D:8      | Found a staircase to the Lair.
 15617 | Lair:1   | Entered Level 1 of the Lair of Beasts
 16255 | Lair:1   | Received a gift from Trog
 16273 | Lair:1   | Got a brightly glowing rapier
 16620 | Lair:1   | Identified the +6 rapier of the Saving Asp {elec, Int+4}
                  | (You found it on level 1 of the Lair of Beasts)
 16621 | Lair:1   | Identified the cursed +1 hand axe "Goblin's Funeral"
                  | {drain, rN+} (You found it on level 12 of the Dungeon)
 18046 | D:14     | Noticed a vault guard
 18095 | D:14     | Killed a vault guard
 18242 | D:14     | Found a gate to the Vaults.
 18275 | D:14     | Got an ichor-stained plate armour
 18286 | D:14     | Identified the +10 plate armour of Curiosity {rN+} (You
                  | found it on level 14 of the Dungeon)
 18334 | D:14     | Gained mutation: Your large and strong wings let you fly
                  | indefinitely. [Gargoyle growth]
 18334 | D:14     | Reached XP level 14. HP: 88/88 MP: 14/14
 18545 | D:14     | Reached skill level 13 in Maces & Flails
 18975 | D:14     | Found the +8 autumn katana {vorpal, Clar}
 19044 | D:14     | Got an ichor-stained scale mail
 19044 | D:14     | Got a jewelled leather armour
 19045 | D:14     | Got a pitted falchion
 19049 | D:14     | Identified the cursed +1 falchion "Hyxeufuykh" {drain,
                  | +Blink +Rage rN++ MR-} (You found it on level 14 of the
                  | Dungeon)
 19060 | D:14     | Identified the cursed +0 scale mail "Ucivi" {Rampage rC-
                  | rCorr Dex+4} (You found it on level 14 of the Dungeon)
 19071 | D:14     | Identified the cursed +1 leather armour "Utim" {rF- rN+
                  | Int+3} (You found it on level 14 of the Dungeon)
 19185 | D:15     | Entered Level 15 of the Dungeon
 19285 | D:15     | Found a frozen archway.
 19314 | IceCv    | Entered an ice cave
 19902 | IceCv    | Received a gift from Trog
 20185 | IceCv    | Noticed a frost giant
 20200 | IceCv    | Killed a frost giant
 20885 | D:15     | Got a brightly glowing steel amulet
 21014 | D:15     | Reached skill level 14 in Maces & Flails
 21111 | D:15     | Reached XP level 15. HP: 94/96 MP: 15/15
 21147 | D:15     | Identified the amulet "Vifroh" {Inacc rElec rPois} (You
                  | found it on level 15 of the Dungeon)
 21212 | D:15     | Got an iridescent long sword
 21226 | D:15     | Found a staircase to the Depths.
 21226 | D:15     | Paralysed by a great orb of eyes for 4 turns
 21237 | D:15     | Paralysed by a great orb of eyes for 7 turns
 21497 | D:15     | Found a glowing silver altar of Zin.
 21955 | Lair:1   | Identified the cursed +1 long sword "Jimojot" {vorpal, MR+
                  | Int+4 Dex+3} (You found it on level 15 of the Dungeon)
 22023 | Lair:3   | Found a gate leading to a gauntlet.
 22034 | Gauntlet | Entered a Gauntlet
 22034 | Gauntlet | Found a transporter.
 22034 | Gauntlet | Found a transporter.
 22034 | Gauntlet | Found a transporter.
 22038 | Gauntlet | Found a transporter.
 22038 | Gauntlet | Found a transporter.
 22038 | Gauntlet | Found a transporter.
 22055 | Gauntlet | Found a transporter.
 22059 | Gauntlet | Found a transporter.
 22072 | Gauntlet | Found a transporter.
 22072 | Gauntlet | Found a transporter.
 22085 | Gauntlet | Found a transporter.
 22090 | Gauntlet | Found a transporter.
 22431 | Gauntlet | Identified the Reference Book on Curses
 22434 | Gauntlet | Got a transparent ring mail
 22436 | Gauntlet | Identified the Almanac of the Traveller
 22449 | Gauntlet | Identified the +1 ring mail "Ahyel" {rPois SInv} (You found
                  | it in a Gauntlet)
 22618 | Lair:3   | Found a dark tunnel.
 22623 | Volcano  | Entered a volcano
 22704 | Volcano  | Found a radiant altar of Vehumet.
 23542 | Lair:3   | Found a staircase to the Snake Pit.
 23703 | Lair:3   | Found a staircase to the Shoals.
 24070 | Lair:4   | Noticed Orgheunu's ghost (journeyman DDFi)
 24071 | Lair:4   | Found a transporter.
 24105 | Lair:4   | Found a transporter.
 25640 | Lair:6   | Entered Level 6 of the Lair of Beasts
 25870 | Lair:6   | Reached skill level 15 in Maces & Flails
 26022 | Lair:6   | Received a gift from Trog
 26167 | Lair:6   | Reached XP level 16. HP: 66/103 MP: 16/16
 27180 | Lair:6   | Found a staircase to the Slime Pits.
 27187 | Lair:6   | Received a gift from Trog
 27833 | Lair:4   | Killed Orgheunu's ghost
 28114 | Orc:1    | Entered Level 1 of the Orcish Mines
 28301 | Orc:2    | Entered Level 2 of the Orcish Mines
 28358 | Orc:2    | Found a staircase to the Elven Halls.
 28689 | Orc:2    | Found a roughly hewn altar of Beogh.
 28827 | Orc:2    | Received a gift from Trog
 28880 | Orc:2    | Found Ceexuuc's General Store.
 28880 | Orc:2    | Found Ipnem's Antique Armour Shoppe.
 28928 | Orc:2    | Found Zagimoj's Book Shoppe.
 28928 | Orc:2    | Found Siqois Tyum's Magic Scroll Shop.
 29559 | Orc:2    | Bought gold dragon scales for 2320 gold pieces
 29569 | Orc:2    | Bought an embroidered cloak for 217 gold pieces
 29605 | Orc:2    | Bought a scroll of teleportation for 39 gold pieces
 29605 | Orc:2    | Bought a scroll of teleportation for 39 gold pieces
 29605 | Orc:2    | Bought a scroll of blinking for 97 gold pieces
 29790 | Shoals:1 | Entered Level 1 of the Shoals
 29799 | Shoals:1 | Noticed Jorgrun
 29831 | Shoals:1 | Killed Jorgrun
 30319 | Shoals:1 | Reached skill level 16 in Maces & Flails
 30478 | Shoals:1 | Found Zeppat's Magic Scroll Emporium.
 31693 | Shoals:2 | Reached XP level 17. HP: 109/109 MP: 17/17
 32544 | Shoals:3 | Reached ****** piety under Trog
 32660 | Shoals:3 | Received a gift from Trog
 33722 | Shoals:4 | Entered Level 4 of the Shoals
 34436 | Shoals:4 | Received a gift from Trog
 34469 | Shoals:4 | Got a crude mace {god gift}
 34470 | Shoals:4 | Identified the +1 mace of Blood-Lust {antimagic, Str+6}
                  | (Trog gifted it to you on level 4 of the Shoals)
 34677 | Shoals:4 | Killed from afar by a wind drake

Illustrated notes

Levels and vault maps discovered:
D:1:      lemuel_arrival_broad_hall, layout_basic
D:2:      layout_basic, kennysheep_vampire_church
D:3:      layout_loops_ring, roderic_lattice_a, minmay_misc_feat_pillars,
          grunt_ministairs_4
D:4:      layout_rooms, minivault_24
D:5:      layout_loops_ring, chequers_temple_overflow_minitemple, serial_shops,
          shop, uniq_duvessa, uniq_prince_ribbit1
D:6:      layout_layer_cave, uniq_menkaure
D:7:      layout_cave_pods, minmay_temple_entry_mist, uniq_pikel, uniq_joseph
D:8:      layout_rooms, dpeg_lair_monsters
D:9:      layout_loops_cross, fountainhead
D:10:     layout_gridville
D:11:     layout_rooms
D:12:     layout_roguey [special_room_orc]
D:13:     layout_irregular_city, enter_bailey_3
D:14:     layout_stronghold, ximxim_vaults_locker_room,
          minmay_large_rounded_square, minmay_the_grid_2x2
          [minmay_the_grid_doors, minmay_the_grid_medium_cups,
          minmay_the_grid_stretched_grid, minmay_the_grid_prize_shrinking_boxes]
D:15:     hangedman_depths_entry_try_elsewhere_first, layout_basic, serial_ice,
          serial_ice_a, serial_ice_f, serial_ice_i, serial_ice_b, serial_ice_g,
          serial_ice_e, portal_ice_cave_demonic_guard, lemuel_statue_altar
Temple:   dpeg_five_rooms_temple
Lair:1:   layout_gridlike, disabler_island
Lair:2:   layout_loops_ring, lemuel_fruit_fields
Lair:3:   layout_regular_city, minmay_shoals_entry_hut,
          minmay_snake_entry_six_corridors, gauntlet_entry_generic,
          enter_volcano_4
Lair:4:   layout_cave_shapes, gammafunk_ghost_arena, serial_bayou_ford_a,
          serial_bayou_shore_b
Lair:5:   layout_cave_pods, grunt_megastairs_2
Lair:6:   hangedman_lair_caniforms_friends, layout_cave_pods,
          minmay_slime_entry_oklob_enclosed, grunt_megastairs_3,
          serial_bayou_shore_a
Shoals:1: layout_shoals, serial_shops, shop_fountains, uniq_jorgrun
Shoals:2: layout_shoals
Shoals:3: layout_shoals
Shoals:4: shoals_end_grunt_ice, layout_shoals
Orc:1:    layout_caves
Orc:2:    grunt_orc_tribal_feast, layout_diamond_mine, basic_altar

Skill      XL: |  1  2  3  4  5  6  7  8  9 10 11 12 13 14 15 16 17 |
---------------+----------------------------------------------------+-----
Dodging        | 2 3 4 5 6 8 9 10 12 13 14 | 14.5
Armour         | 3 4 5 6 7 8 9 10 11 12 13 14 | 14.2
Fighting       | 4 5 6 7 8 9 10 11 12 13 14 | 14.4
Maces & Flails | 4 5 6 7 8 10 11 12 14 15 16 | 16.9
Shields        | 2 3 4 5 |  5.0
Stealth        | 2 3 5 |  5.0
Evocations     | 1 2 3 5 |  5.0

Action                   |  1- 3 |  4- 6 |  7- 9 | 10-12 | 13-15 | 16-18 || total
-------------------------+-------+-------+-------+-------+-------+-------++-------
Melee: Mace              |   103 |    84 |       |       |       |    48 ||   235
       Flail             |       |    86 |   286 |   481 |       |       ||   853
       Dire flail        |       |       |       |   406 |   444 |       ||   850
       Eveningstar       |       |       |       |       |   987 |  1070 ||  2057
       Morningstar       |       |       |       |       |    29 |       ||    29
Invok: Berserk           |     3 |     3 |     6 |    19 |    11 |     7 ||    49
       Trog's Hand       |       |       |     2 |     6 |     5 |     4 ||    17
       Brothers in Arms  |       |       |       |       |     3 |       ||     3
 Abil: Fly               |       |       |       |       |     1 |       ||     1
Evoke: Wand              |       |       |     1 |    19 |     4 |     5 ||    29
  Use: Scroll            |       |     4 |     6 |    18 |    22 |     2 ||    52
       Potion            |       |       |     3 |     9 |       |     7 ||    19
 Stab: Sleeping          |       |       |     1 |    23 |       |       ||    24
       Paralysed         |       |       |       |     5 |       |       ||     5
       Invisible         |       |       |       |       |       |     4 ||     4
Armor: Animal skin       |    47 |    56 |       |       |       |       ||   103
       Ring mail         |       |    52 |    21 |   381 |     4 |       ||   458
       Scale mail        |       |     3 |    93 |       |       |       ||    96
       Plate armour      |       |       |       |       |   978 |   452 ||  1430
       Gold dragon scale |       |       |       |       |       |   202 ||   202
Dodge: Dodged            |    78 |   155 |   126 |   632 |   739 |   475 ||  2205
       Repelled          |       |       |       |       |    13 |     8 ||    21
Block: Other             |       |       |     8 |   131 |    84 |       ||   223
       Buckler           |       |       |   146 |   283 |   647 |   637 ||  1713
       Reflection        |       |       |     6 |     6 |    14 |    38 ||    64

Table legend: (Time is in decaauts)
 A = Elapsed time spent in this place.
 B = Non-inter-level travel time spent in this place.
 C = Inter-level travel time spent in this place.
 D = Time resting spent in this place.
 E = Time spent auto-exploring this place.
 F = Levels seen in this place.
 G = Mean time per level.
                   A        B        C        D        E       F      G
               +--------+--------+--------+--------+--------+-----+--------+
         Total |  34341 |  32069 |   2272 |   6339 |  18106 |  32 | 1073.2 |
       Dungeon |  18206 |  16814 |   1392 |   3596 |   9402 |  15 | 1213.7 |
        Temple |    314 |    265 |     49 |      0 |    265 |   1 |  314.0 |
          Lair |   7133 |   6636 |    497 |   1128 |   4337 |   6 | 1188.8 |
        Shoals |   4505 |   4401 |    104 |    931 |   2405 |   4 | 1126.2 |
  Orcish Mines |   1514 |   1285 |    229 |      0 |    854 |   2 |  757.0 |
        Bailey |    440 |    440 |      0 |    240 |      0 |   1 |  440.0 |
      Ice Cave |   1328 |   1328 |      0 |    210 |    697 |   1 | 1328.0 |
       Volcano |    355 |    355 |      0 |    105 |     27 |   1 |  355.0 |
      Gauntlet |    543 |    543 |      0 |    127 |    118 |   1 |  543.0 |
               +--------+--------+--------+--------+--------+-----+--------+

Top non-repeatable levels by time:
  Lair:6: 2072 daAuts
    D:14: 1769 daAuts
     D:9: 1703 daAuts
     D:3: 1534 daAuts
     D:2: 1458 daAuts
  Lair:1: 1374 daAuts
    D:11: 1367 daAuts
    D:12: 1334 daAuts
   IceCv: 1328 daAuts
Shoals:1: 1290 daAuts
    D:13: 1255 daAuts
     D:6: 1234 daAuts
Shoals:2: 1195 daAuts
  Lair:3: 1167 daAuts
    D:15: 1163 daAuts
